SL
DETROIT RENAISSANCE @ GREENVILLE 84S
06/09/2029
 
TOP OF THE 1ST
Detroit Renaissance batting - Pitching for Greenville 84s : RHP Eric Matson
Pitching: RHP Eric Matson
Batting: RHB Kenneth Noid 0-0: Ball
1-0: Called Strike
1-1: SOLO HOME RUN (Flyball, 7D), Distance : 382 ft
Batting: RHB Juan Cabrera 0-0: SINGLE (Line Drive, 56D)
Batting: LHB Yoichibei Sato 0-0: Called Strike
0-1: Hit by Pitch
Juan Cabrera to second
Batting: RHB Eric D'Angle 0-0: Ball
1-0: Ball
2-0: Grounds into double play, 6-4-3 (Groundball, 6)
Juan Cabrera to third
Batting: LHB Eric Thackston 0-0: Swinging Strike
0-1: DOUBLE (Flyball, 8RD)
Juan Cabrera scores
Batting: RHB Cole Shaffer 0-0: Ball
1-0: Called Strike
1-1: Fly out, F9 (Flyball, 9)
Top of the 1st over - 2 runs, 3 hits, 0 errors, 1 left on base; Detroit 2 - Greenville 0
BOTTOM OF THE 1ST
Greenville 84s batting - Pitching for Detroit Renaissance : RHP Domingo Ramírez
Pitching: RHP Domingo Ramírez
Batting: RHB Pablo Marrero 0-0: Ball
1-0: Foul Ball, location: 2F
1-1: Foul Ball, location: 2F
1-2: Strikes out swinging
Batting: SHB Jorge Barrios 0-0: Ball
1-0: Ball
2-0: Ball
3-0: Base on Balls
Batting: RHB Roberto Escues 0-0: Ball
Jorge Barrios is caught stealing 2nd base
1-0: Ball
2-0: Foul Ball, location: 2F
2-1: Ball
3-1: Base on Balls
Batting: LHB Herman Hayes 0-0: Foul Ball, location: 2F
0-1: Ball
1-1: Ball
2-1: Ball
3-1: Called Strike
3-2: Base on Balls
Roberto Escues to second
Batting: RHB Juan García 0-0: Fly out, F6 (Line Drive, 56)
Bottom of the 1st over - 0 runs, 0 hits, 0 errors, 2 left on base; Detroit 2 - Greenville 0
TOP OF THE 2ND
Detroit Renaissance batting - Pitching for Greenville 84s : RHP Eric Matson
Batting: LHB Ye Der 0-0: Ground out 4-3 (Groundball, 4)
Batting: RHB António Padilla 0-0: Ground out 6-3 (Groundball, 6)
Batting: RHB Quincy van Enk 0-0: Ball
1-0: Foul Ball, location: 2F
1-1: SINGLE (Flyball, 89S)
Batting: RHB Kenneth Noid 0-0: Called Strike
0-1: Called Strike
0-2: Ball
1-2: Ball
2-2: Strikes out swinging
Top of the 2nd over - 0 runs, 1 hit, 0 errors, 1 left on base; Detroit 2 - Greenville 0
BOTTOM OF THE 2ND
Greenville 84s batting - Pitching for Detroit Renaissance : RHP Domingo Ramírez
Batting: LHB Christian Blair 0-0: Ball
1-0: Ball
2-0: Called Strike
2-1: Ball
3-1: Ground out 4-3 (Groundball, 4)
Batting: RHB Jonathan Cook 0-0: Ball
1-0: Foul Ball, location: 2F
1-1: Foul Ball, location: 2F
1-2: Fly out, F3 (Line Drive, 3S)
Batting: RHB Rodrigo Lugo 0-0: Ball
1-0: Ball
2-0: Called Strike
2-1: Called Strike
2-2: Foul Ball, location: 2F
2-2: Fly out, F8 (Flyball, 89XD)
Bottom of the 2nd over - 0 runs, 0 hits, 0 errors, 0 left on base; Detroit 2 - Greenville 0
TOP OF THE 3RD
Detroit Renaissance batting - Pitching for Greenville 84s : RHP Eric Matson
Batting: RHB Juan Cabrera 0-0: Ball
1-0: Foul Ball, location: 2F
1-1: Foul Ball, location: 2F
1-2: Ball
2-2: Strikes out swinging
Batting: LHB Yoichibei Sato 0-0: Swinging Strike
0-1: Ball
1-1: Hit by Pitch
Batting: RHB Eric D'Angle 0-0: Ball
Throwing error on steal attempt, E2
Yoichibei Sato to third
1-0: Called Strike
1-1: Ball
2-1: Swinging Strike
2-2: Strikes out swinging
Batting: LHB Eric Thackston 0-0: Ball
1-0: Ball
2-0: Called Strike
2-1: Ball
3-1: Base on Balls
Batting: RHB Cole Shaffer 0-0: Ball
1-0: Ball
2-0: Called Strike
2-1: Ball
3-1: Foul Ball, location: 2F
3-2: Foul Ball, location: 2F
3-2: Strikes out swinging, 2-3 out at first.
Top of the 3rd over - 0 runs, 0 hits, 1 error, 2 left on base; Detroit 2 - Greenville 0
BOTTOM OF THE 3RD
Greenville 84s batting - Pitching for Detroit Renaissance : RHP Domingo Ramírez
Batting: RHB Thom Beach 0-0: Foul Ball, location: 2F
0-1: Foul Ball, location: 2F
0-2: SINGLE (Groundball, 56D)
Batting: RHB Pablo Marrero 0-0: Ball
1-0: Ball
2-0: Ground out 3-1 (Groundball, 2R)
Thom Beach to second
Batting: SHB Jorge Barrios 0-0: Ball
1-0: Called Strike
1-1: Swinging Strike
1-2: Ball
2-2: Foul Ball, location: 2F
2-2: Fly out, F8 (Flyball, 8LD)
Batting: RHB Roberto Escues 0-0: Ball
1-0: Ball
2-0: Ball
3-0: Called Strike
3-1: Fly out, F6 (Line Drive, 6)
Bottom of the 3rd over - 0 runs, 1 hit, 0 errors, 1 left on base; Detroit 2 - Greenville 0
TOP OF THE 4TH
Detroit Renaissance batting - Pitching for Greenville 84s : RHP Eric Matson
Batting: LHB Ye Der 0-0: Called Strike
0-1: Ball
1-1: Fly out, F7 (Flyball, 7LDF)
Batting: RHB António Padilla 0-0: Ball
1-0: SINGLE (Groundball, 4MD)
Batting: RHB Quincy van Enk 0-0: Called Strike
António Padilla is caught stealing 2nd base
0-1: Ball
1-1: SINGLE (Groundball, 56D)
Batting: RHB Kenneth Noid 0-0: Ground out U3 (Groundball, 34S)
Top of the 4th over - 0 runs, 2 hits, 0 errors, 1 left on base; Detroit 2 - Greenville 0
BOTTOM OF THE 4TH
Greenville 84s batting - Pitching for Detroit Renaissance : RHP Domingo Ramírez
Batting: LHB Herman Hayes 0-0: SINGLE (Flyball, 8RS)
Batting: RHB Juan García 0-0: Grounds into double play, 6-4-3 (Groundball, 6)
Batting: LHB Christian Blair 0-0: Ball
1-0: Ball
2-0: Ground out 6-3 (Groundball, 6)
Bottom of the 4th over - 0 runs, 1 hit, 0 errors, 0 left on base; Detroit 2 - Greenville 0
TOP OF THE 5TH
Detroit Renaissance batting - Pitching for Greenville 84s : RHP Eric Matson
Batting: RHB Juan Cabrera 0-0: Fly out, F7 (Flyball, 7LD)
Batting: LHB Yoichibei Sato 0-0: Called Strike
0-1: Ball
1-1: Swinging Strike
1-2: Strikes out looking
Batting: RHB Eric D'Angle 0-0: Called Strike
0-1: Swinging Strike
0-2: Ball
1-2: Strikes out swinging
Top of the 5th over - 0 runs, 0 hits, 0 errors, 0 left on base; Detroit 2 - Greenville 0
BOTTOM OF THE 5TH
Greenville 84s batting - Pitching for Detroit Renaissance : RHP Domingo Ramírez
Batting: RHB Jonathan Cook 0-0: Ball
1-0: Ball
2-0: Ball
3-0: Swinging Strike
3-1: Base on Balls
Batting: RHB Rodrigo Lugo 0-0: Ball
1-0: Bunt - Flyout! F1
Batting: RHB Thom Beach 0-0: Foul Ball, location: 2F
0-1: Called Strike
0-2: Foul Ball, location: 2F
0-2: Fly out, F9 (Flyball, 9D)
Batting: RHB Pablo Marrero 0-0: Ball
1-0: Ball
2-0: Called Strike
2-1: Fielders Choice at 2nd, 6-4 (Groundball, 6)
Bottom of the 5th over - 0 runs, 0 hits, 0 errors, 1 left on base; Detroit 2 - Greenville 0
TOP OF THE 6TH
Detroit Renaissance batting - Pitching for Greenville 84s : RHP Eric Matson
Batting: LHB Eric Thackston 0-0: Called Strike
0-1: Ball
1-1: Called Strike
1-2: Ball
2-2: Strikes out swinging
Batting: RHB Cole Shaffer 0-0: Foul Ball, location: 2F
0-1: Fly out, F8 (Flyball, 8LD)
Batting: LHB Ye Der 0-0: Ball
1-0: Ball
2-0: Ball
3-0: Called Strike
3-1: Base on Balls
Batting: RHB António Padilla 0-0: Called Strike
0-1: Ball
1-1: Ball
2-1: Ground out U3 (Groundball, 3S)
Top of the 6th over - 0 runs, 0 hits, 0 errors, 1 left on base; Detroit 2 - Greenville 0
BOTTOM OF THE 6TH
Greenville 84s batting - Pitching for Detroit Renaissance : RHP Domingo Ramírez
Batting: SHB Jorge Barrios 0-0: Called Strike
0-1: Ball
1-1: Ball
2-1: Ball
3-1: Base on Balls
Batting: RHB Roberto Escues 0-0: Ball
1-0: Called Strike
1-1: 2-RUN HOME RUN (Flyball, 7D), Distance : 391 ft
Batting: LHB Herman Hayes 0-0: Ball
1-0: Foul Ball, location: 2F
1-1: Ball
2-1: Swinging Strike
2-2: Ground out 6-3 (Groundball, 6)
Batting: RHB Juan García 0-0: Ball
1-0: Ball
2-0: Ball
3-0: Base on Balls
Batting: LHB Christian Blair 0-0: Swinging Strike
0-1: SINGLE (Groundball, 4MD)
Juan García to second
Batting: RHB Jonathan Cook 0-0: Ball
1-0: SINGLE (Line Drive, 9LS)
Juan García to third
Christian Blair to second
Runner from 3rd tries for Home, SAFE, no throw
Batting: RHB Rodrigo Lugo 0-0: Swinging Strike
0-1: Ball
1-1: Called Strike
1-2: Foul Ball, location: 2F
1-2: Ball
2-2: Ball
3-2: Ground out 5-3 (Groundball, 56S)
Christian Blair to third
Jonathan Cook to second
Batting: RHB Thom Beach 0-0: Fly out, F8 (Flyball, 8LD)
Bottom of the 6th over - 3 runs, 3 hits, 0 errors, 2 left on base; Detroit 2 - Greenville 3
TOP OF THE 7TH
Detroit Renaissance batting - Pitching for Greenville 84s : RHP Eric Matson
Batting: RHB Quincy van Enk 0-0: Ball
1-0: Foul Ball, location: 2F
1-1: Ball
2-1: Ground out 4-3 (Groundball, 4M)
Batting: RHB Kenneth Noid 0-0: Called Strike
0-1: Called Strike
0-2: Ball
1-2: Foul Ball, location: 2F
1-2: Foul Ball, location: 2F
1-2: Foul Ball, location: 2F
1-2: Ground out 4-3 (Groundball, 4)
Batting: RHB Juan Cabrera 0-0: Called Strike
0-1: Ball
1-1: SINGLE (Groundball, 4MD)
Pitching: LHP Ernest Torres
Pinch Hitting: RHB Martín Alejadre 0-0: Ball
1-0: Called Strike
1-1: Swinging Strike
1-2: SINGLE (Groundball, 34D)
Juan Cabrera to second
Runner from 2nd tries for 3rd, SAFE, no throw
Pitching: LHP José Rico
Batting: RHB Eric D'Angle 0-0: Called Strike
0-1: Ball
1-1: Ball
2-1: Foul Ball, location: 2F
2-2: Ball
3-2: Foul Ball, location: 2F
3-2: Ground out 4-3 (Groundball, 4S)
Top of the 7th over - 0 runs, 2 hits, 0 errors, 2 left on base; Detroit 2 - Greenville 3
BOTTOM OF THE 7TH
Greenville 84s batting - Pitching for Detroit Renaissance : RHP Domingo Ramírez
Now in RF: Martín Alejadre
Batting: RHB Pablo Marrero 0-0: Foul Ball, location: 2F
0-1: Ball
1-1: Foul Ball, location: 2F
1-2: Foul Ball, location: 2F
1-2: Ball
2-2: Ball
3-2: Ground out 5-3 (Groundball, 56)
Batting: SHB Jorge Barrios 0-0: Ball
1-0: Ball
2-0: Ball
3-0: Base on Balls
Pitching: RHP Ciríaco Muro
Batting: RHB Roberto Escues 0-0: Called Strike
0-1: Ball
1-1: Ball
2-1: Foul Ball, location: 2F
2-2: Foul Ball, location: 2F
2-2: Ball
3-2: SINGLE (Groundball, 34D)
Jorge Barrios to second
Runner from 2nd tries for 3rd, OUT!
Batting: LHB Herman Hayes 0-0: Ball
1-0: Ball
2-0: DOUBLE (Line Drive, 9D)
Roberto Escues to third
Runner from 3rd tries for Home, SAFE, no throw
Batting: RHB Juan García 0-0: Foul Ball, location: 2F
0-1: Swinging Strike
0-2: Strikes out swinging
Bottom of the 7th over - 1 run, 2 hits, 0 errors, 1 left on base; Detroit 2 - Greenville 4
TOP OF THE 8TH
Detroit Renaissance batting - Pitching for Greenville 84s : LHP José Rico
Batting: LHB Eric Thackston 0-0: Ball
1-0: Foul Ball, location: 2F
1-1: Ball
2-1: Swinging Strike
2-2: Foul Ball, location: 2F
2-2: Ground out U3 (Groundball, 34D)
Batting: RHB Cole Shaffer 0-0: Swinging Strike
0-1: Ball
1-1: Called Strike
1-2: Ball
2-2: Strikes out swinging
Batting: LHB Ye Der 0-0: Ball
1-0: Foul Ball, location: 2F
1-1: Swinging Strike
1-2: Foul Ball, location: 2F
1-2: Foul Ball, location: 2F
1-2: Strikes out swinging
Top of the 8th over - 0 runs, 0 hits, 0 errors, 0 left on base; Detroit 2 - Greenville 4
BOTTOM OF THE 8TH
Greenville 84s batting - Pitching for Detroit Renaissance : RHP Ciríaco Muro
Batting: LHB Christian Blair 0-0: Ball
1-0: Swinging Strike
1-1: SINGLE (Groundball, 34D)
Batting: RHB Jonathan Cook 0-0: Ball
1-0: Foul Ball, location: 2F
1-1: Called Strike
1-2: Fly out, F9 (Flyball, 9S)
Batting: RHB Rodrigo Lugo 0-0: Ball
1-0: Swinging Strike
1-1: Ball
2-1: Foul Ball, location: 2F
2-2: Strikes out looking
Batting: RHB Thom Beach 0-0: Called Strike
0-1: Ball
1-1: Foul Ball, location: 2F
1-2: Strikes out looking
Bottom of the 8th over - 0 runs, 1 hit, 0 errors, 1 left on base; Detroit 2 - Greenville 4
TOP OF THE 9TH
Detroit Renaissance batting - Pitching for Greenville 84s : LHP José Rico
Batting: RHB António Padilla 0-0: Ball
1-0: Called Strike
1-1: Foul Ball, location: 2F
1-2: Ball
2-2: SINGLE (Popup, 4D)
Pinch Runner at 1st Martín Martínez:
Batting: RHB Quincy van Enk 0-0: Ball
1-0: Ball
2-0: SINGLE (Groundball, 56D)
Martín Martínez to second
Batting: RHB Kenneth Noid 0-0: Foul Ball, location: 2F
0-1: Ball
1-1: SINGLE (Groundball, 56D)
Martín Martínez to third
Quincy van Enk to second
Batting: RHB Juan Cabrera 0-0: Foul Ball, location: 2F
0-1: Ball
1-1: Ball
2-1: SINGLE (Groundball, 6MD)
Martín Martínez scores
Quincy van Enk to third
Kenneth Noid to second
Batting: RHB Martín Alejadre 0-0: Ball
1-0: Ball
2-0: Foul Ball, location: 2F
2-1: Called Strike
2-2: Foul Ball, location: 2F
2-2: Fly out, F8 (Flyball, 78D)
Runner from 3rd tags up, SCORES, throw made
Batting: RHB Eric D'Angle 0-0: Called Strike
Kenneth Noid steals 3rd base
0-1: Ground out 5-3 (Groundball, 56)
Juan Cabrera to second
Batting: LHB Eric Thackston 0-0: Ball
1-0: Ground out 6-3 (Groundball, 6M)
Top of the 9th over - 2 runs, 4 hits, 0 errors, 2 left on base; Detroit 4 - Greenville 4
BOTTOM OF THE 9TH
Greenville 84s batting - Pitching for Detroit Renaissance : RHP Ciríaco Muro
Now at 3B: Martín Martínez
Batting: RHB Pablo Marrero 0-0: DOUBLE (Line Drive, 89D)
Batting: SHB Jorge Barrios 0-0: Intentional Walk
Batting: RHB Roberto Escues 0-0: Ball
1-0: Called Strike
Throwing error on steal attempt, E2
Pablo Marrero scores
Tuesday, December 19th, 2017 - OOTP Baseball 18.8 Build 76